Map: Orbital Shipyard

Players

MaZWaRrIoR - Winner!

  • Race: Terran Terran
  • League: Diamond

LilDicky

  • Race: Terran Terran
  • League: Diamond

VOD

http://www.twitch.tv/tumescentpie

Description

Time

  • Played on: Dec. 25, 2015, 1:10 a.m.
  • Length: 6:30
Show
View Real Time Build Order
Export as new Build Order

MaZWaRrIoR Terran - Winner!

Build Orders: 1/1/1, Cyclone Opening 

Get SALT Encoding   

  12  0:00  SCV  
  13  0:12  SCV  
  14  0:17  Supply Depot  
  14  0:24  SCV  
  15  0:39  SCV  
  15  0:41  Barracks  
  16  0:49  Refinery  
  16  0:51  SCV  
  17  1:01  Refinery  
  17  1:03  SCV  
  18  1:15  SCV  
  19  1:29  Orbital Command  
  19  1:30  Marine  
  20  1:41  Factory  
  20  1:51  Marine  
  21  1:55  Supply Depot  
  21  1:57  SCV  
  22  2:09  SCV  
  23  2:16  Marine  
  24  2:24  SCV  
  24  2:25  Factory Tech Lab  
  24  2:27  Starport  
  25  2:34  Supply Depot, Marine  
  26  2:39  SCV  
  27  2:46  Cyclone  
  30  2:54  SCV  
  30  2:56  Marine  
  32  3:06  Medivac  
  34  3:13  Marine  
  35  3:22  Supply Depot  
  35  3:26  Siege Tank  
  38  3:27  Liberator  
  38  3:30  SCV  
  38  3:31  Supply Depot  
  39  3:44  Marine  
  43  4:01  Command Center  
  43  4:09  Marine  
  44  4:15  Barracks  
  44  4:16  SCV, Barracks  
  45  4:27  Viking  
  48  4:31  SCV  
  48  4:44  Marine  
  38  5:01  Marine  
  38  5:03  SCV  
  38  5:05  Marine  
  42  5:13  Siege Tank  
  45  5:15  Supply Depot  
  45  5:17  Supply Depot  
  44  5:35  Marine x2  
  44  5:36  Orbital Command  
  44  5:53  Marine x2  
  46  6:11  Marine  
Show
View Real Time Build Order
Export as new Build Order

LilDicky Terran 

Build Orders: Liberator Opening 

Get SALT Encoding   

  12  0:01  SCV  
  13  0:13  SCV  
  14  0:18  Supply Depot  
  14  0:25  SCV  
  15  0:36  Refinery  
  15  0:41  SCV  
  16  0:45  Barracks  
  16  0:53  SCV  
  17  1:06  SCV  
  18  1:21  SCV  
  19  1:31  Marine  
  20  1:34  Orbital Command  
  20  1:35  Supply Depot  
  20  1:40  Refinery  
  20  1:45  Factory  
  20  1:49  Marine  
  21  2:07  Marine  
  22  2:12  SCV  
  22  2:14  Barracks  
  23  2:17  Supply Depot  
  23  2:25  Marine  
  24  2:30  Starport  
  24  2:31  Factory Tech Lab  
  24  2:35  SCV  
  25  2:46  Marine  
  25  2:48  SCV  
  27  2:52  Siege Tank  
  27  2:55  Liberator  
  30  3:03  Supply Depot  
  30  3:04  SCV  
  34  3:16  Marine  
  35  3:21  SCV  
  35  3:22  Marine  
  37  3:32  Siege Tank  
  40  3:34  Marine  
  40  3:40  Marine  
  42  3:41  SCV  
  42  3:47  Supply Depot  
  43  3:52  Marine  
  43  3:58  Marine  
  43  4:12  Marine  
  43  4:16  Marine  
  45  4:17  Siege Tank  
  45  4:19  Viking  
  45  4:22  Supply Depot, SCV  
  51  4:30  Marine  
  52  4:33  Marine  
  43  4:47  Orbital Command  
  34  5:20  Viking  
  36  5:22  Refinery  
  36  5:23  SCV  
  36  5:27  Refinery  
Tags
 
Add a new tag
Caveats
  • Supply blocks, unpowered buildings, or Contaminate may cause inaccurate times.
  • Supply counts are checked every 10 seconds.